Map: World of Sleepers LE

Players

ZAiN

  • Race: Protoss Protoss
  • Spawn Location: 7:00

Erik - Winner!

  • Race: Zerg Zerg
  • League: Master
  • Spawn Location: 1:00

Event: NationWars 2019

VOD

Have the link to the VOD?

Description

Time

  • Played on: Oct. 12, 2019, 3:15 p.m.
  • Length: 8:30
Show
View Real Time Build Order
Export as new Build Order

ZAiN Protoss 

Build Orders:  

Get SALT Encoding   

  12  0:00  Probe  
  13  0:12  Probe  
  14  0:21  Pylon  
  14  0:24  Probe  
  15  0:40  Probe (Chrono Boost)  
  16  0:43  Gateway  
  16  0:49  Probe (Chrono Boost), Assimilator  
  17  0:54  Probe (Chrono Boost)  
  18  1:06  Probe  
  19  1:18  Probe  
  20  1:31  Cybernetics Core  
  20  1:32  Zealot  
  22  1:37  Probe  
  22  1:38  Pylon  
  23  1:50  Nexus  
  23  2:08  Robotics Facility  
  23  2:13  Adept (Chrono Boost)  
  24  2:37  Robotics Facility  
  24  2:40  Probe  
  25  2:56  Assimilator  
  25  2:58  Pylon  
  25  3:02  Probe (Chrono Boost)  
  25  3:05  Probe (Chrono Boost)  
  27  3:08  Warp Gate  
  27  3:12  Adept  
  29  3:13  Probe x2 (Chrono Boost)  
  31  3:21  Probe  
  31  3:22  Probe  
  31  3:23  Warp Prism (Chrono Boost)  
  35  3:33  Probe  
  36  3:34  Probe  
  37  3:45  Probe  
  38  3:50  Probe  
  38  3:52  Immortal (Chrono Boost)  
  43  4:00  Pylon  
  42  4:13  Gateway  
  42  4:14  Gateway  
  42  4:15  Gateway  
  42  4:23  Immortal (Chrono Boost)  
  46  4:37  Probe  
  46  4:38  Probe  
  48  4:42  Pylon  
  48  4:50  Probe, Gateway  
  48  4:52  Gateway  
  49  4:55  Gateway  
  49  4:58  Observer (Chrono Boost)  
  50  5:01  Sentry  
  50  5:06  Probe x2 (Chrono Boost)  
  54  5:15  Shield Battery  
  54  5:16  Shield Battery  
  54  5:18  Probe (Chrono Boost)  
  56  5:24  Probe (Chrono Boost)  
  60  5:32  Sentry  
  60  5:34  Zealot x3  
  64  5:47  Probe x2  
  66  5:53  Assimilator  
  66  5:56  Assimilator  
  66  5:58  Pylon  
  66  6:00  Pylon  
  62  6:13  Pylon, Probe x2  
  62  6:15  Pylon  
  62  6:16  Pylon  
  62  6:19  Zealot  
  62  6:20  Zealot x5  
  60  6:31  Pylon  
  60  6:36  Probe  
  60  6:38  Cybernetics Core  
  61  6:41  Zealot x5  
  63  6:54  Zealot  
  59  7:05  Probe x2  
  59  7:07  Zealot x4  
  67  7:20  Sentry  
  69  7:24  Pylon  
  69  7:25  Pylon  
  69  7:27  Robotics Facility  
  69  7:28  Pylon  
  69  7:30  Gateway x2  
  69  7:31  Pylon, Sentry x3  
  69  7:32  Shield Battery  
  65  7:45  Zealot  
  65  7:46  Zealot  
  54  7:55  Zealot x2  
  46  8:10  Zealot x2  
Show
View Real Time Build Order
Export as new Build Order

Erik Zerg - Winner!

Build Orders: Pool First 

Get SALT Encoding   

  12  0:01  Drone  
  13  0:08  Drone  
  14  0:15  Drone, Extractor  
  15  0:22  Overlord  
  15  0:36  Spawning Pool  
  15  0:40  Drone  
  15  0:43  Drone  
  15  0:47  Drone  
  15  0:49  Extractor  
  16  0:54  Drone  
  17  1:20  Hatchery  
  17  1:24  Zergling x4  
  18  1:27  Zergling x2  
  19  1:36  Queen  
  21  1:44  Overlord  
  21  1:53  Metabolic Boost  
  21  1:56  Drone  
  22  2:03  Drone  
  23  2:12  Drone  
  24  2:16  Queen  
  26  2:29  Drone  
  25  2:35  Drone x2  
  27  2:46  Drone x3  
  27  2:47  Drone  
  27  2:49  Drone  
  32  2:57  Hatchery  
  31  3:02  Zergling x2  
  31  3:03  Overlord  
  32  3:07  Drone  
  32  3:08  Drone  
  34  3:17  Drone  
  34  3:18  Drone  
  36  3:26  Drone x3  
  39  3:27  Drone  
  39  3:32  Drone  
  41  3:34  Roach Warren  
  41  3:35  Extractor  
  41  3:37  Drone  
  41  3:38  Extractor  
  39  3:44  Overlord  
  39  3:49  Drone  
  39  3:52  Drone x4, Extractor  
  43  4:02  Queen, Overlord  
  43  4:03  Drone  
  43  4:04  Drone  
  47  4:10  Lair  
  47  4:16  Overlord  
  47  4:18  Roach  
  47  4:21  Roach  
  51  4:25  Roach  
  51  4:28  Roach  
  50  4:33  Roach x2  
  50  4:37  Drone  
  50  4:38  Drone  
  56  4:43  Roach  
  56  4:44  Roach  
  60  4:51  Zergling x6  
  63  4:57  Overlord  
  63  5:00  Ravager  
  63  5:01  Ravager x3  
  63  5:03  Ravager x2  
  69  5:07  Zergling x6  
  72  5:15  Ravager x2  
  72  5:17  Zergling x8  
  72  5:19  Zergling x2  
  78  5:33  Zergling x6  
  81  5:44  Overlord x2  
  81  5:51  Overlord  
  74  6:09  Zergling x2  
  74  6:10  Zergling x24  
  75  6:27  Roach x8  
  91  6:33  Drone x3  
  94  6:40  Drone  
  90  6:51  Zergling x6  
  85  6:58  Ravager  
  85  6:59  Ravager x7  
  91  7:01  Zergling x2  
  91  7:02  Zergling x14  
  98  7:14  Zergling x14  
  105  7:23  Overlord x2  
  96  7:45  Zergling x24  
  103  8:00  Roach x5  
  103  8:01  Roach  
Tags
 
Add a new tag
Caveats
  • Supply blocks, unpowered buildings, or Contaminate may cause inaccurate times.
  • Supply counts are checked every 10 seconds.